 Dungeon Crawl Stone Soup version 0.29-a0-334-gb41bcbb86e (webtiles) character file.

Game seed: 6880559366684336965

126 zishaf the Grave Robber (level 4, -5/40 HPs)
             Began as a Deep Dwarf Necromancer on Apr 13, 2022.
             Slain by Grinder (7 damage)
             ... while paralysed by Grinder
             ... on level 3 of the Dungeon.
             The game lasted 00:07:42 (2788 turns).

zishaf the Grave Robber (Deep Dwarf Necromancer)    Turns: 2788, Time: 00:07:43

Health: -5/40      AC:  2    Str: 12    XL:     4   Next: 84%
Magic:  7/7        EV:  2    Int: 17    God:
Gold:   123        SH:  0    Dex: 19    Spells: 3/7 levels left

rFire   + . .      SeeInvis .   a - +0 dagger (venom)
rCold   . . .      Faith    .   (no shield)
rNeg    . . .      Spirit   .   l - +0 robe
rPois   .          Reflect  .   (no helmet)
rElec   .          Harm     .   (no cloak)
rCorr   .          Rampage  .   (no gloves)
Will    .....                   (no boots)
Stlth   ++........              (no amulet)
HPRegen 0.00/turn               k - ring of protection from fire
MPRegen 0.10/turn               c - +6 ring of dexterity

@: paralysed, attractive
A: damage resistance, heal wounds, sense surroundings 1, no regeneration
a: Heal Wounds


You were on level 3 of the Dungeon.
You visited 1 branch of the dungeon, and saw 3 of its levels.

You collected 123 gold pieces.

Inventory:

Hand Weapons
 a - a +0 dagger of venom (weapon)
 b - a +0 hunting sling
 h - a +0 trident
Missiles
 f - 6 poisoned darts
Armour
 l - a +0 robe (worn)
 m - a +0 helmet
Jewellery
 c - a +6 ring of dexterity (right hand)
 k - a ring of protection from fire (left hand)
Wands
 r - a wand of flame (7)
Scrolls
 d - 8 scrolls of identify {unknown}
 e - a scroll of immolation {unknown}
 g - a scroll of teleportation {unknown}
 j - 2 scrolls of vulnerability {unknown}
 o - a scroll of enchant armour {unknown}
 q - a scroll of blinking {unknown}
Potions
 i - 2 potions of attraction
 n - a potion of magic
 p - a potion of brilliance {unknown}


   Skills:
 + Level 2.7 Fighting
 - Level 2.1 Dodging
 - Level 2.4 Stealth
 - Level 2.0 Spellcasting
 + Level 5.6 Necromancy


You had 3 spell levels left.
You knew the following spells:

 Your Spells              Type           Power      Damage    Failure   Level
a - Pain                  Necr           84%        1d8       1%          1
b - Vampiric Draining     Necr           21%        2d7       5%          3

Your spell library contained the following spells:

 Spells                   Type           Power      Damage    Failure   Level
 Animate Skeleton         Necr           42%        N/A       1%          1
 Animate Dead             Necr           10%        N/A       19%         4
 Agony                    Necr           21%        N/A       45%         5


Dungeon Overview and Level Annotations

Branches:
Dungeon (3/15)

Altars:
Kikubaaqudgha
Ru
Vehumet
Xom
Yredelemnul

Annotations:
D:3 2 transporters, Grinder, Sigmund


Innate Abilities, Weirdness & Mutations

You are resistant to damage.
You can heal yourself by infusing magical energy.
You passively map a small area around you.
You do not regenerate.


Message History

q - a scroll labelled KOSSAV UGEIS
r - a wand of flame (7)
You open the door.
There is an open door here.
Found a basalt altar of Yredelemnul and an ancient bone altar of Kikubaaqudgha.
Found a sacrificial altar of Ru.
Grinder comes into view.
Grinder shouts!
Grinder blinks!
Grinder moves out of view.
Found a shimmering altar of Xom.
Found a radiant altar of Vehumet.
Grinder blinks!
Grinder barely misses you.
Casting: Vampiric Draining (dangerous; 5% risk of failure)
Confirm with . or Enter, or press ? or * to list all spells.
You can't see any susceptible monsters within range! (Use Z to cast anyway.)
Casting: Vampiric Draining (dangerous; 5% risk of failure)
Confirm with . or Enter, or press ? or * to list all spells.
Aiming: Pain (safe; 1% risk of failure)
Press: ? - help, Shift-Dir - straight line, f - Grinder
Aim: Grinder (not susceptible)
Okay, then.
You hit Grinder.
Grinder is poisoned.
Grinder is lightly wounded.
Grinder hits you!
* * * LOW HITPOINT WARNING * * *
You writhe in agony.
* * * LOW HITPOINT WARNING * * *
It was a potion of attraction.
You feel attractive to monsters. Grinder hits you but does no damage.
You hit Grinder but do no damage.
Grinder is lightly wounded.
Grinder gestures at you.
You suddenly lose the ability to move!
Grinder hits you but does no damage. Grinder hits you!
* * * LOW HITPOINT WARNING * * *
You writhe in agony.
Grinder hits you!
You die...

#..###.# #................
#...##.# #.#######........
#.....># #'# ###........
##..##..#####.#####..........
#......##.........###........
##...###..#######..####......
#.#<#_..###_._# * ._##..[...
#.#.###..##...##..###.......
#.###.##...@5....##.....#.##
#. #. ####...####........#8
#. *.. ##_##, #........#P #.*
#.# ###* ##....#..## #.
###..#####.#* *#..###..#S
#@........<##.,... ..#≈
#..............##. * ..#≈
#.....<......## .. #.#≈
#.........#..# .# * #.#≈


You could see Grinder (poisoned).

Vanquished Creatures
  Jessica (D:3)
  Robin (D:2)
  2 adders (D:2)
  4 worms
  3 dart slugs (D:2)
  3 ball pythons
  4 endoplasms
  3 giant cockroaches
  5 goblins
  7 hobgoblins
  4 jackals (D:1)
  3 kobolds (D:2)
  A quokka (D:2)
  4 bats
  5 frilled lizards
  2 rats
52 creatures vanquished.

Notes
Turn   | Place    | Note
-------+----------+-------------------------------------------
     0 | D:1      | zishaf the Deep Dwarf Necromancer began the quest for the
                  | Orb.
     0 | D:1      | Reached XP level 1. HP: 15/15 MP: 3/3
   161 | D:1      | Found a faded altar of an unknown god.
   357 | D:1      | Reached XP level 2. HP: 1/24 MP: 0/5
   612 | D:1      | Reached skill level 1 in Fighting
  1000 | D:2      | Noticed Robin
  1345 | D:1      | Reached XP level 3. HP: 11/31 MP: 2/6
  1349 | D:1      | Learned a level 3 spell: Vampiric Draining
  1352 | D:2      | Reached skill level 5 in Necromancy
  2090 | D:2      | Reached XP level 4. HP: 33/39 MP: 0/7
  2107 | D:2      | Killed Robin
  2257 | D:3      | Noticed Jessica
  2294 | D:3      | Noticed Sigmund
  2403 | D:3      | Found a transporter.
  2611 | D:3      | Killed Jessica
  2705 | D:3      | Found a transporter.
  2773 | D:3      | Found a basalt altar of Yredelemnul.
  2773 | D:3      | Found an ancient bone altar of Kikubaaqudgha.
  2778 | D:3      | Found a sacrificial altar of Ru.
  2779 | D:3      | Noticed Grinder
  2780 | D:3      | Found a shimmering altar of Xom.
  2781 | D:3      | Found a radiant altar of Vehumet.
  2785 | D:3      | Paralysed by Grinder for 5 turns
  2787 | D:3      | HP: 2/40 [Grinder (6)]
  2788 | D:3      | Slain by Grinder

Illustrated notes

Levels and vault maps discovered:
D:1:      erik_arrival_triangle_small, layout_loops_ring,
          chequers_ecumenical_altar_island, nicolae_wormholes
D:2:      layout_loops_ring, wander_ebering_terrifying_dragon_lair, uniq_robin
D:3:      gammafunk_steamed_eel, layout_rooms,
          chequers_temple_overflow_minitemple, uniq_jessica, uniq_grinder,
          uniq_sigmund

Skill      XL: |  1  2  3 |
---------------+----------+-----
Spellcasting   | 2 |  2.0
Fighting       | 1 2 |  2.7
Necromancy     | 5 |  5.6
Dodging        | |  2.1
Stealth        | |  2.4

Action                   |  1- 3 |  4- 6 || total
-------------------------+-------+-------++-------
Melee: Unarmed           |    16 |       ||    16
       Trident           |    48 |    23 ||    71
       Punch             |     1 |       ||     1
       Dagger            |       |     8 ||     8
 Cast: Pain              |    61 |     1 ||    62
       Vampiric Draining |     7 |    10 ||    17
 Abil: Heal Wounds       |     1 |       ||     1
  Use: Potion            |       |     1 ||     1
 Stab: Sleeping          |     3 |     2 ||     5
       Distracted        |     2 |       ||     2
Armor: Robe              |    15 |     6 ||    21
Dodge: Dodged            |    41 |    17 ||    58

Table legend: (Time is in decaauts)
 A = Elapsed time spent in this place.
 B = Non-inter-level travel time spent in this place.
 C = Inter-level travel time spent in this place.
 D = Time resting spent in this place.
 E = Time spent auto-exploring this place.
 F = Levels seen in this place.
 G = Mean time per level.
                   A        B        C        D        E       F      G
               +--------+--------+--------+--------+--------+-----+--------+
         Total |   2811 |   2630 |    181 |    368 |   1537 |   3 |  937.0 |
       Dungeon |   2811 |   2630 |    181 |    368 |   1537 |   3 |  937.0 |
               +--------+--------+--------+--------+--------+-----+--------+

Top non-repeatable levels by time:
     D:2: 1317 daAuts
     D:1: 1061 daAuts
     D:3: 432 daAuts
